 Dungeon Crawl Stone Soup version 0.30-a0-358-g0d69a1922f (webtiles) character file.

Game seed: 6137193071426106437

23 MachoJfn the Gusty (level 2, 0/15 HPs)
             Began as a Tengu Air Elementalist on Nov 10, 2022.
             Succumbed to an adder's poison
             ... on level 2 of the Dungeon.
             The game lasted 00:08:43 (674 turns).

MachoJfn the Gusty (Tengu Air Elementalist)          Turns: 674, Time: 00:08:43

Health: 0/15       AC:  2    Str:  8    XL:     2   Next: 95%
Magic:  4/6        EV: 12    Int: 15    God:
Gold:   11         SH:  0    Dex: 14    Spells: 4/5 levels left

rFire   . . .      SeeInvis .    c - +0 dagger
rCold   . . .      Faith    .    (no shield)
rNeg    . . .      Spirit   .    a - +0 robe
rPois   .          Reflect  .    (helmet restricted)
rElec   .          Harm     .    (no cloak)
rCorr   .          Rampage  .    (no gloves)
Will    .....                    (boots unavailable)
Stlth   ++........               (no amulet)
HPRegen 0.22/turn                (no ring)
MPRegen 0.10/turn                (no ring)

@: lethally poisoned (0 -> -5)
A: beak, talons 3
a: no special abilities


You were on level 2 of the Dungeon.
You visited 1 branch of the dungeon, and saw 2 of its levels.

You collected 11 gold pieces.

Inventory:

Hand Weapons
 c - a +0 dagger (weapon)
Armour
 a - a +0 robe (worn)
Potions
 b - a potion of magic


   Skills:
 + Level 0.2 Short Blades
 + Level 2.4 Dodging
 + Level 2.3 Stealth
 + Level 2.2 Spellcasting
 + Level 1.4 Conjurations
 + Level 4.6 Air Magic


You had 4 spell levels left.
You knew the following spells:

 Your Spells              Type           Power      Damage    Failure   Level
a - Shock                 Conj/Air       40%        1d5       6%          1

Your spell library contained the following spells:

 Spells                   Type           Power      Damage    Failure   Level
 Static Discharge         Conj/Air       20%        2-3/arc   10%         2
 Swiftness                Air            15%        N/A       10%         3
 Airstrike                Air            7%         2d(2-18)  32%         4


Dungeon Overview and Level Annotations

Branches:
Dungeon (2/15)

Altars:


Innate Abilities, Weirdness & Mutations

You have a beak for a mouth.
You have claws for feet.


Message History

You kill the kobold!
You see here a +0 short sword.
Found 5 stones.
You see here 5 stones.
An adder comes into view.
A goblin comes into view. It is wielding a +0 dagger.
Found a red potion.
An adder and an endoplasm come into view.
Found a dagger.
Casting: Shock (safe; 6% risk of failure)
Confirm with . or Enter, or press ? or * to list all spells.
Aiming: Shock (safe; 6% risk of failure)
Press: ? - help, Shift-Dir - straight line, f - endoplasm
Aim: an endoplasm (wandering, hasn't noticed you, 97% to hit)
The zap hits the endoplasm.
The endoplasm is almost dead.
The endoplasm quivers.
The endoplasm jiggles.
Casting: Shock (safe; 6% risk of failure)
Confirm with . or Enter, or press ? or * to list all spells.
Aiming: Shock (safe; 6% risk of failure)
Press: ? - help, Shift-Dir - straight line, f/p - endoplasm
Aim: an endoplasm (almost dead, 97% to hit)
The zap hits the endoplasm.
You kill the endoplasm!
The zap hits the goblin.
The goblin is moderately wounded.
The adder closely misses you. The goblin closely misses you.
You closely miss the adder. The adder misses you.
The goblin hits you with a +0 dagger. The adder bites you.
You closely miss the adder. Your peck misses the adder.
The goblin hits you with a +0 dagger. The adder bites you.
You are lethally poisoned!
The adder poisons you!
You miss the adder. You claw the adder, but do no damage.
* * * LOW HITPOINT WARNING * * *
You feel sick. The adder barely misses you.
The goblin hits you with a +0 dagger.
* * * LOW HITPOINT WARNING * * *
You barely miss the adder. Your kick misses the adder.
You die...

### #.###########.##
#..............
#.###.......!.# #.#
##.###...)# #.#
#.#......# #.#
#.#.#....# #(#
#.#...g..# .######.##
#.#.S@...# .##.#....#
#.##.....# .##.#....#
#........#
.##.#....#######.####
.##.#..............
....#.....######.###
...##.......#. ..#
.....))......# ###
....###......#


You could see an adder and a goblin.

Vanquished Creatures
  3 bats
  4 endoplasms
  A giant cockroach (D:1)
  2 goblins
  3 hobgoblins
  2 ball pythons (D:2)
  3 kobolds (D:2)
  A rat (D:2)
19 creatures vanquished.

Vanquished Creatures (others)
  7 plants
7 creatures vanquished.

Grand Total: 26 creatures vanquished

Notes
Turn   | Place    | Note
-------+----------+-------------------------------------------
     0 | D:1      | MachoJfn the Tengu Air Elementalist began the quest for the
                  | Orb.
     0 | D:1      | Reached XP level 1. HP: 10/10 MP: 4/4
   241 | D:1      | Reached XP level 2. HP: 15/15 MP: 3/6
   674 | D:2      | Succumbed to an adder's poison

Illustrated notes

Levels and vault maps discovered:
D:1:      kilobyte_arrival_exit_the_forest, layout_basic, corexii_hall_statues_u
D:2:      layout_basic, serial_shops, nicolae_shop_waterfront,
          serial_bayou_pond_d

Action                   || total
-------------------------++-------
Melee: Unarmed           ||    20
       Dagger            ||    50
       Kick              ||    18
       Peck              ||    13
 Cast: Shock             ||    14
  Use: Potion            ||     1
Armor: Robe              ||    12
Dodge: Dodged            ||    36

Table legend: (Time is in decaauts)
 A = Elapsed time spent in this place.
 B = Non-inter-level travel time spent in this place.
 C = Inter-level travel time spent in this place.
 D = Time resting spent in this place.
 E = Time spent auto-exploring this place.
 F = Levels seen in this place.
 G = Mean time per level.
                   A        B        C        D        E       F      G
               +--------+--------+--------+--------+--------+-----+--------+
         Total |    680 |    175 |    505 |      0 |      0 |   2 |  340.0 |
       Dungeon |    680 |    175 |    505 |      0 |      0 |   2 |  340.0 |
               +--------+--------+--------+--------+--------+-----+--------+

Top non-repeatable levels by time:
     D:1: 474 daAuts
     D:2: 206 daAuts
